 Dungeon Crawl Stone Soup version 0.29.0-13-gc9e81de378 (webtiles) character file.

Game seed: 599842442819742411

221 gdog the Caller (level 5, 0/38 HPs)
             Began as a Gnoll Summoner on Sept 10, 2022.
             Slain by Grinder (7 damage)
             ... on level 3 of the Dungeon on Sept 11, 2022.
             The game lasted 00:44:05 (2737 turns).

gdog the Caller (Gnoll Summoner)                    Turns: 2737, Time: 00:44:05

Health: 0/38       AC:  3    Str:  8    XL:     5   Next: 98%
Magic:  9/12       EV: 13    Int: 16    God:
Gold:   57         SH:  0    Dex: 12    Spells: 1/14 levels left

rFire   . . .      SeeInvis .   d - +0 short sword (spect)
rCold   . . .      Faith    .   (no shield)
rNeg    . . .      Spirit   .   i - +0 robe
rPois   .          Reflect  .   (no helmet)
rElec   .          Harm     .   (no cloak)
rCorr   .          Rampage  .   e - +0 pair of gloves
Will    .....                   (no boots)
Stlth   +++.......              (no amulet)
HPRegen 0.12/turn               (no ring)
MPRegen 0.13/turn               (no ring)

@: no status effects
A: fangs 1, strong nose, distributed training
a: no special abilities


You were on level 3 of the Dungeon.
You visited 1 branch of the dungeon, and saw 3 of its levels.

You collected 57 gold pieces.

Inventory:

Hand Weapons
 a - a +1 dagger of draining
 d - a +0 spectral short sword (weapon)
 k - a +1 mace of holy wrath
Missiles
 f - 4 silver javelins
Armour
 e - a +0 pair of gloves (worn)
 g - a +0 ring mail
 i - a +0 robe (worn)
Wands
 r - a wand of flame (25)
Scrolls
 n - 2 scrolls of identify {unknown}
 o - a scroll of immolation {unknown}
 q - a scroll of poison {unknown}
Potions
 c - a potion of heal wounds {unknown}
 h - a potion of might {unknown}
 j - 2 potions of flight {unknown}
 l - 2 potions of cancellation {unknown}
 m - a potion of curing {unknown}
 p - a potion of mutation {unknown}
 s - a potion of lignification {unknown}


   Skills:
 + Level 1.8 Fighting
 + Level 1.8 Short Blades
 + Level 1.8 Long Blades
 + Level 1.8 Axes
 + Level 1.8 Maces & Flails
 + Level 1.8 Polearms
 + Level 1.8 Staves
 + Level 1.8 Ranged Weapons
 + Level 1.8 Throwing
 + Level 1.8 Armour
 + Level 4.9 Dodging
 + Level 4.5 Stealth
 + Level 1.8 Shields
 + Level 1.8 Unarmed Combat
 + Level 5.3 Spellcasting
 + Level 1.4 Conjurations
 + Level 1.4 Hexes
 + Level 7.2 Summonings
 + Level 1.4 Necromancy
 + Level 1.4 Translocations
 + Level 1.4 Transmutations
 + Level 1.4 Fire Magic
 + Level 1.4 Ice Magic
 + Level 1.4 Air Magic
 + Level 1.4 Earth Magic
 + Level 1.4 Poison Magic
 + Level 2.0 Invocations
 + Level 1.8 Evocations


You had one spell level left.
You knew the following spells:

 Your Spells              Type           Power      Damage    Failure   Level
a - Summon Small Mammal   Summ           100%       N/A       1%          1
b - Call Imp              Summ           27%        N/A       1%          2
c - Call Canine Familiar  Summ           27%        N/A       2%          3
d - Summon Guardian Gole  Hex/Summ       18%        N/A       8%          3
e - Summon Lightning Spi  Summ/Air       18%        N/A       24%         4

Your spell library contained the following spells:

 Spells                   Type           Power      Damage    Failure   Level


Dungeon Overview and Level Annotations

Branches:
Dungeon (3/15)

Altars:

Annotations:
D:3 Grinder


Innate Abilities, Weirdness & Mutations

You have very sharp teeth.
Your uncanny sense of smell can sniff out nearby items.
Your experience applies equally to all skills.


Message History

The adder bites your crimson imp.
Grinder blinks!
The adder closely misses your crimson imp.
Your crimson imp closely misses the adder.
The adder barely misses your crimson imp.
Your crimson imp closely misses the adder.
The adder misses your crimson imp.
Your crimson imp barely misses the adder.
The adder misses your crimson imp.
Your crimson imp hits the adder.
The adder dies!
You swap places.
Your crimson imp disappears in a puff of smoke!
Grinder says, "Don't move a muscle."
Grinder blinks!
Magic courses through your body.
Your bat hits something but does no damage.
Something hits your bat.
Your bat hits something.
Casting: Summon Small Mammal (safe; 1% risk of failure)
Confirm with . or Enter, or press ? or * to list all spells.
A guardian golem appears, shielding your allies.
Your bat hits something but does no damage.
Grinder gestures at you. You resist with significant effort.
Your bat hits Grinder but does no damage.
Your hound bites something.
Your bat closely misses something.
Your bat hits Grinder.
Your hound bites something.
Something barely misses your hound.
The orc throws a stone.
The stone misses your hound.
The stone hits Grinder.
You swap places.
Your bat hits Grinder but does no damage.
Your hound bites something but does no damage.
Your bat barely misses Grinder.
A magic dart appears from out of thin air!
The magic dart hits your hound!
Your hound dies!
Your hound's corpse disappears in a puff of smoke!
Grinder blinks!
You swap places.
Grinder says, "You look like you could use a good racking."
Grinder hits you!
You die...

. .# ..#
###########..###
#.............. #
###..........#
###..###.####5##..###
.#....!o{ยง..b@9.......
......###[####........
........<.# #.##..$##
...#.####.####.# ..#
#......[.# .#
#.#.####.# .. ......
.... . ....### ##.###
###.. #.#


You could see Grinder, an orc, a friendly guardian golem (summoned) and a
friendly bat (summoned, sheltered).

Vanquished Creatures
  Ijyb (D:3)
  2 adders (D:2)
  A giant cockroach (D:1)
  A hobgoblin (D:2)
  A quokka (D:1)
  A ball python (D:2)
  2 bats
  2 rats
11 creatures vanquished.

Vanquished Creatures (collateral kills)
  An orc priest (D:3)
  Jessica (D:2)
  Terence (D:2)
  3 adders
  2 dart slugs (D:1)
  A worm (D:2)
  An orc (D:3)
  7 ball pythons
  2 bats (D:1)
  6 endoplasms
  5 giant cockroaches (D:1)
  4 hobgoblins (D:1)
  3 jackals (D:1)
  A quokka (D:1)
  A frilled lizard (D:1)
  4 goblins
  2 kobolds (D:1)
  7 rats
52 creatures vanquished.

Vanquished Creatures (others)
  An orc (D:3)
1 creature vanquished.

Grand Total: 64 creatures vanquished

Notes
Turn   | Place    | Note
-------+----------+-------------------------------------------
     0 | D:1      | gdog the Gnoll Summoner began the quest for the Orb.
     0 | D:1      | Reached XP level 1. HP: 13/13 MP: 6/6
   212 | D:1      | Reached XP level 2. HP: 19/19 MP: 7/7
   215 | D:1      | Learned a level 2 spell: Call Imp
   520 | D:1      | Reached skill level 5 in Spellcasting
   520 | D:1      | Reached XP level 3. HP: 25/25 MP: 6/9
   577 | D:1      | Learned a level 3 spell: Call Canine Familiar
   581 | D:1      | Learned a level 3 spell: Summon Guardian Golem
   739 | D:1      | Reached skill level 1 in Invocations
  1002 | D:1      | Reached skill level 1 in Fighting
  1002 | D:1      | Reached skill level 1 in Short Blades
  1002 | D:1      | Reached skill level 1 in Long Blades
  1002 | D:1      | Reached skill level 1 in Axes
  1002 | D:1      | Reached skill level 1 in Maces & Flails
  1002 | D:1      | Reached skill level 1 in Polearms
  1002 | D:1      | Reached skill level 1 in Staves
  1002 | D:1      | Reached skill level 1 in Ranged Weapons
  1002 | D:1      | Reached skill level 1 in Throwing
  1002 | D:1      | Reached skill level 1 in Armour
  1002 | D:1      | Reached skill level 1 in Shields
  1002 | D:1      | Reached skill level 1 in Unarmed Combat
  1002 | D:1      | Reached skill level 1 in Evocations
  1091 | D:1      | Found a faded altar of an unknown god.
  1432 | D:2      | Reached XP level 4. HP: 32/32 MP: 11/11
  1541 | D:2      | Reached skill level 1 in Conjurations
  1541 | D:2      | Reached skill level 1 in Hexes
  1541 | D:2      | Reached skill level 1 in Necromancy
  1541 | D:2      | Reached skill level 1 in Translocations
  1541 | D:2      | Reached skill level 1 in Transmutations
  1541 | D:2      | Reached skill level 1 in Fire Magic
  1541 | D:2      | Reached skill level 1 in Ice Magic
  1541 | D:2      | Reached skill level 1 in Air Magic
  1541 | D:2      | Reached skill level 1 in Earth Magic
  1541 | D:2      | Reached skill level 1 in Poison Magic
  1799 | D:2      | Noticed Terence
  1814 | D:2      | Killed Terence
  1911 | D:2      | Noticed Jessica
  1919 | D:2      | Killed Jessica
  1920 | D:2      | Reached XP level 5. HP: 37/37 MP: 7/12
  1963 | D:2      | Learned a level 4 spell: Summon Lightning Spire
  2474 | D:3      | Noticed Ijyb
  2487 | D:3      | Killed Ijyb
  2722 | D:3      | Noticed Grinder
  2737 | D:3      | Slain by Grinder

Illustrated notes

Levels and vault maps discovered:
D:1:      tarquinn_simple_flora_water_d, layout_basic,
          hellmonk_ecumenical_altar_defaced_shrine, minmay_splitting_lines
D:2:      layout_basic, uniq_jessica, uniq_terence
D:3:      layout_basic, uniq_grinder, uniq_ijyb

Skill      XL: |  1  2  3  4  5 |
---------------+----------------+-----
Spellcasting   | 5 |  5.3
Invocations    | 1 2 |  2.0
Fighting       | 1 |  1.8
Short Blades   | 1 |  1.8
Long Blades    | 1 |  1.8
Axes           | 1 |  1.8
Maces & Flails | 1 |  1.8
Polearms       | 1 |  1.8
Staves         | 1 |  1.8
Ranged Weapons | 1 |  1.8
Throwing       | 1 |  1.8
Armour         | 1 |  1.8
Shields        | 1 |  1.8
Unarmed Combat | 1 |  1.8
Evocations     | 1 |  1.8
Conjurations   | 1 |  1.4
Hexes          | 1 |  1.4
Necromancy     | 1 |  1.4
Translocations | 1 |  1.4
Transmutations | 1 |  1.4
Fire Magic     | 1 |  1.4
Ice Magic      | 1 |  1.4
Air Magic      | 1 |  1.4
Earth Magic    | 1 |  1.4
Poison Magic   | 1 |  1.4
Dodging        | |  4.9
Stealth        | |  4.5
Summonings     | |  7.2

Action                   |  1- 3 |  4- 6 || total
-------------------------+-------+-------++-------
Melee: Short sword       |    27 |    10 ||    37
       Punch             |     1 |       ||     1
       Bite              |     3 |       ||     3
 Cast: Summon Small Mamm |    31 |    12 ||    43
       Call Imp          |    10 |     4 ||    14
       Call Canine Famil |     7 |     6 ||    13
       Summon Guardian G |     2 |     7 ||     9
  Use: Scroll            |     1 |       ||     1
       Potion            |       |     1 ||     1
 Stab: Sleeping          |       |     1 ||     1
Armor: Robe              |     9 |       ||     9
Dodge: Dodged            |    23 |     4 ||    27
